Map: Simulacrum LE

Players

ElerioS

  • Race: Protoss Protoss
  • League: Silver
  • Spawn Location: 11:00

Ratl - Winner!

  • Race: Protoss Protoss
  • League: Silver
  • Spawn Location: 5:00

VOD

Have the link to the VOD?

Description

Time

  • Played on: Feb. 5, 2020, 3:46 p.m.
  • Length: 13:07
Show
View Real Time Build Order
Export as new Build Order

ElerioS Protoss 

Build Orders: Double Forge 

Get SALT Encoding   

  12  0:01  Probe  
  13  0:13  Probe  
  14  0:20  Pylon  
  14  0:25  Probe  
  15  0:39  Probe (Chrono Boost)  
  15  0:40  Gateway  
  17  0:50  Probe (Chrono Boost)  
  17  0:52  Assimilator  
  17  0:55  Probe (Chrono Boost)  
  18  1:05  Probe  
  18  1:09  Gateway  
  19  1:17  Probe  
  20  1:28  Cybernetics Core  
  20  1:38  Probe  
  21  1:48  Pylon  
  21  2:01  Nexus  
  21  2:07  Warp Gate  
  23  2:11  Adept (Chrono Boost)  
  23  2:13  Adept (Chrono Boost)  
  25  2:17  Probe  
  26  2:43  Probe  
  27  2:50  Assimilator  
  27  2:55  Probe  
  27  2:57  Forge  
  28  2:59  Forge  
  28  3:57  Probe  
  29  4:12  Photon Cannon  
  29  4:17  Probe x2  
  31  4:47  Pylon  
  31  4:49  Probe x2  
  31  4:59  Stalker x2  
  35  5:01  Probe x2  
  35  5:03  Protoss Ground Weapons Level 1 (Chrono Boost)  
  35  5:04  Protoss Ground Armor Level 1 (Chrono Boost)  
  35  5:15  Pylon  
  35  5:21  Probe (Chrono Boost)  
  35  5:23  Gateway  
  35  5:24  Gateway  
  35  5:25  Probe (Chrono Boost)  
  37  5:28  Gateway  
  37  5:33  Probe (Chrono Boost)  
  39  5:35  Twilight Council  
  39  5:36  Probe (Chrono Boost)  
  39  5:50  Stargate  
  39  5:51  Stargate  
  39  5:54  Probe (Chrono Boost)  
  41  5:58  Probe (Chrono Boost)  
  41  6:00  Stalker x2  
  46  6:04  Probe (Chrono Boost)  
  46  6:08  Probe (Chrono Boost)  
  46  6:11  Blink (Chrono Boost)  
  47  6:18  Probe x2  
  48  6:22  Stalker x2  
  53  6:27  Assimilator  
  53  6:29  Assimilator  
  53  6:34  Stalker x3  
  53  6:37  Probe x2  
  61  6:49  Probe  
  62  6:58  Protoss Air Weapons Level 1  
  62  7:02  Pylon  
  62  7:06  Pylon  
  62  7:13  Pylon  
  62  7:19  Nexus  
  62  7:20  Probe  
  62  7:22  Stalker x3  
  69  7:31  Photon Cannon  
  69  7:47  Assimilator  
  69  7:48  Probe, Assimilator  
  69  7:49  Probe  
  71  7:53  Stalker x5  
  81  8:00  Probe, Void Ray  
  86  8:12  Protoss Ground Weapons Level 2  
  86  8:31  Probe x2  
  88  8:38  Robotics Facility  
  88  8:43  Probe x2  
  88  8:48  Shield Battery x2  
  90  8:51  Pylon  
  90  8:55  Probe  
  91  9:02  Probe x2  
  93  9:07  Probe  
  94  9:15  Probe x2  
  96  9:18  Void Ray x2 (Chrono Boost)  
  96  9:19  Probe  
  105  9:31  Fleet Beacon  
  105  9:36  Protoss Air Armor Level 1  
  105  9:55  Void Ray (Chrono Boost)  
  105  9:58  Dark Shrine  
  109  10:07  Pylon  
  109  10:15  Pylon  
  109  10:19  Pylon  
  109  10:22  Pylon  
  109  10:23  Pylon  
  109  10:25  Pylon, Void Ray, Warp Prism  
  115  10:42  Void Ray  
  105  11:01  Observer  
  80  11:07  Stalker x2  
  80  11:08  Void Ray, Stalker x3  
  88  11:25  Void Ray  
  92  11:38  Photon Cannon  
  92  11:40  Photon Cannon  
  92  11:41  Pylon  
  92  11:49  Photon Cannon  
  92  11:51  Void Ray  
  92  11:52  Photon Cannon x2  
  94  11:55  Photon Cannon x2  
  94  11:58  Photon Cannon  
  94  12:01  Photon Cannon  
  94  12:02  Photon Cannon  
  94  12:04  Photon Cannon x2  
  94  12:07  Photon Cannon  
  94  12:08  Photon Cannon  
  94  12:11  Photon Cannon  
  94  12:13  Stargate  
  94  12:15  Stargate  
  94  12:22  Stargate  
  94  12:25  Stargate  
  94  12:27  Stargate  
  94  12:30  Stargate  
  82  13:01  Nexus  
Show
View Real Time Build Order
Export as new Build Order

Ratl Protoss - Winner!

Build Orders: Double Forge 

Get SALT Encoding   

  12  0:01  Probe  
  13  0:13  Probe  
  14  0:18  Pylon  
  14  0:25  Probe  
  15  0:32  Assimilator  
  15  0:37  Probe  
  16  0:49  Probe  
  17  0:51  Gateway  
  17  1:02  Probe (Chrono Boost)  
  18  1:10  Assimilator  
  18  1:14  Probe (Chrono Boost)  
  19  1:22  Probe (Chrono Boost)  
  19  1:25  Forge  
  20  1:37  Probe  
  21  1:45  Cybernetics Core  
  21  1:49  Probe  
  22  2:01  Probe  
  23  2:17  Nexus  
  23  2:23  Pylon  
  23  2:40  Probe  
  23  2:53  Probe, Pylon  
  24  3:05  Probe  
  25  3:17  Probe  
  25  3:18  Protoss Ground Weapons Level 1 (Chrono Boost), Stargate  
  25  3:19  Stargate  
  26  3:29  Probe  
  26  3:30  Probe  
  26  3:32  Forge  
  26  3:33  Warp Gate (Chrono Boost)  
  28  3:41  Probe  
  29  3:42  Probe  
  29  3:48  Stalker (Chrono Boost)  
  29  3:53  Probe  
  29  3:54  Probe  
  32  4:03  Phoenix  
  32  4:05  Phoenix, Probe  
  32  4:06  Probe  
  36  4:17  Probe  
  36  4:19  Probe  
  38  4:24  Stalker  
  38  4:29  Probe  
  39  4:31  Probe  
  39  4:33  Pylon  
  38  4:41  Probe  
  37  4:48  Probe  
  37  4:53  Probe  
  36  5:00  Probe  
  36  5:06  Probe, Void Ray  
  42  5:12  Probe  
  43  5:18  Probe  
  43  5:19  Void Ray  
  48  5:25  Probe  
  49  5:30  Probe  
  50  5:37  Probe  
  50  5:42  Probe  
  52  5:49  Probe  
  53  5:50  Assimilator  
  53  5:52  Assimilator  
  53  5:54  Probe  
  54  5:59  Pylon  
  54  6:03  Pylon  
  54  6:04  Pylon  
  54  6:07  Pylon  
  54  6:15  Pylon x2  
  54  6:17  Void Ray  
  58  6:19  Probe  
  58  6:20  Probe  
  60  6:27  Void Ray  
  60  6:32  Probe x2  
  66  6:45  Fleet Beacon  
  66  6:59  Probe x2  
  66  7:00  Nexus  
  68  7:08  Pylon, Void Ray  
  68  7:10  Pylon  
  68  7:11  Probe x2  
  74  7:22  Unknown  
  74  7:32  Cybernetics Core  
  74  7:35  Void Ray, Protoss Air Weapons Level 1  
  78  7:39  Protoss Shields Level 1  
  78  7:41  Probe  
  78  7:42  Probe  
  80  7:46  Stalker  
  82  7:53  Probe  
  82  7:54  Probe  
  84  8:05  Gateway  
  84  8:06  Probe, Gateway  
  84  8:08  Gateway  
  84  8:09  Probe  
  84  8:11  Gateway  
  86  8:14  Assimilator  
  86  8:15  Gateway  
  86  8:17  Gateway  
  86  8:18  Probe  
  87  8:20  Gateway  
  87  8:21  Probe  
  87  8:24  Probe  
  89  8:28  Assimilator  
  89  8:29  Void Ray  
  89  8:30  Probe  
  89  8:33  Probe  
  95  8:36  Probe  
  96  8:47  Probe x2  
  96  8:48  Protoss Air Armor Level 1 (Chrono Boost)  
  98  9:04  Void Ray  
  102  9:12  Void Ray  
  102  9:16  Stargate x2  
  106  9:24  Zealot  
  106  9:25  Zealot x6  
  106  9:26  Zealot  
  122  9:33  Twilight Council  
  122  9:46  Void Ray  
  122  9:52  Protoss Air Weapons Level 2 (Chrono Boost)  
  126  9:56  Void Ray  
  130  10:20  Protoss Shields Level 2  
  130  10:23  Zealot  
  132  10:31  Pylon  
  132  10:32  Pylon  
  132  10:37  Pylon  
  132  10:45  Charge (Chrono Boost)  
  132  10:46  Pylon  
  132  10:49  Void Ray x2  
  140  10:50  Void Ray x2  
  140  10:55  Protoss Air Armor Level 2 (Chrono Boost)  
  132  11:07  Zealot x3  
  132  11:08  Zealot x5  
  148  11:31  Void Ray  
  148  11:32  Void Ray x2  
  160  11:42  Nexus  
  160  11:49  Zealot  
  160  11:51  Zealot  
  164  12:07  Dark Shrine  
  164  12:35  Pylon  
  164  12:40  Pylon  
  164  12:41  Pylon  
  164  12:44  Pylon  
  164  12:45  Assimilator  
  164  12:50  Assimilator  
Tags
 
Add a new tag
Caveats
  • Supply blocks, unpowered buildings, or Contaminate may cause inaccurate times.
  • Supply counts are checked every 10 seconds.